Map: Base du roi Sejong EC

Players

amoak

  • Race: Terran Terran
  • League: Silver
  • Spawn Location: 11:00

zidar - Winner!

  • Race: Zerg Zerg
  • League: Gold
  • Spawn Location: 5:00

VOD

Have the link to the VOD?

Description

Time

  • Played on: June 11, 2016, 6:36 a.m.
  • Length: 22:02
Show
View Real Time Build Order
Export as new Build Order

amoak Terran 

Build Orders:  

Get SALT Encoding   

  12  0:01  SCV  
  13  0:13  SCV  
  14  0:18  Supply Depot  
  14  0:25  SCV  
  15  0:39  Refinery  
  15  0:40  SCV  
  16  0:48  Barracks  
  16  0:52  SCV  
  17  1:04  SCV  
  18  1:16  SCV  
  19  1:35  Orbital Command  
  19  1:48  Barracks Reactor  
  19  1:50  Command Center  
  19  1:56  Supply Depot  
  19  2:00  SCV  
  20  2:13  SCV  
  21  2:23  Factory  
  21  2:24  Marine  
  21  2:25  SCV  
  21  2:26  Marine  
  24  2:47  SCV  
  24  2:49  Bunker  
  25  2:52  Refinery  
  25  2:59  SCV  
  25  3:04  Orbital Command  
  26  3:11  Factory Tech Lab, SCV  
  27  3:18  Starport  
  26  3:21  Marine  
  26  3:23  Marine, SCV  
  29  3:34  Barracks  
  29  3:35  SCV  
  29  3:40  Siege Tank  
  33  3:44  SCV  
  33  3:47  SCV  
  35  3:56  SCV  
  35  3:59  SCV  
  37  4:03  Refinery  
  37  4:05  Starport Reactor  
  37  4:08  SCV  
  38  4:10  Supply Depot  
  38  4:11  SCV  
  38  4:13  Siege Tank  
  42  4:18  Marine x2  
  42  4:20  SCV  
  45  4:25  Barracks Tech Lab  
  45  4:31  Engineering Bay  
  45  4:35  SCV x2  
  47  4:47  SCV x2  
  47  4:48  Bunker  
  49  4:57  Marauder  
  49  4:58  Engineering Bay  
  49  4:59  SCV x2  
  53  5:11  SCV  
  54  5:16  Missile Turret  
  54  5:18  Missile Turret, Bunker  
  54  5:21  Missile Turret  
  54  5:25  Stimpack  
  54  5:33  Supply Depot  
  54  5:35  Supply Depot  
  54  5:38  Liberator  
  54  5:40  Terran Infantry Weapons Level 1  
  54  5:41  Supply Depot  
  54  5:47  Refinery  
  54  5:49  Terran Infantry Armor Level 1  
  54  5:55  Marauder, SCV x2  
  61  5:57  Marine x2  
  63  6:07  SCV x2  
  65  6:12  Siege Tank  
  65  6:17  Marauder  
  70  6:19  SCV x2  
  72  6:30  Supply Depot  
  72  6:31  SCV x2  
  72  6:32  Command Center  
  74  6:38  Marine x2, Marauder  
  78  6:52  SCV x2, Siege Tank  
  78  6:53  Supply Depot  
  83  6:55  Medivac  
  85  7:15  Marauder, Supply Depot  
  87  7:16  Marine  
  87  7:17  Marine  
  89  7:24  Siege Tank, Medivac  
  89  7:25  Combat Shield  
  89  7:28  Barracks  
  94  7:30  Barracks  
  94  7:33  Barracks, Medivac  
  94  7:34  Marine  
  94  7:35  Marine  
  93  7:37  Marauder  
  95  7:51  Planetary Fortress  
  95  7:52  SCV x2  
  97  8:04  SCV x2  
  99  8:14  Marine x3  
  99  8:16  SCV x2  
  104  8:26  Barracks Reactor x2  
  104  8:28  SCV x2  
  104  8:31  Barracks Reactor  
  104  8:32  Marine x3, Medivac x2  
  113  8:38  Armory  
  113  8:39  Refinery  
  113  8:40  SCV x2  
  115  8:41  Refinery, Missile Turret  
  115  8:44  Concussive Shells  
  115  8:50  Marine  
  116  9:01  Missile Turret  
  106  9:35  SCV x2  
  106  9:36  SCV  
  109  9:40  Marine x5, Marauder  
  116  9:46  Terran Infantry Weapons Level 2  
  116  9:47  SCV, Terran Infantry Armor Level 2  
  116  9:48  Terran Vehicle Weapons Level 1, Supply Depot  
  116  9:52  Factory  
  117  9:55  Command Center  
  117  9:56  Infernal Pre-Igniter  
  117  10:09  Marine x5, SCV  
  117  10:11  Supply Depot  
  122  10:30  Liberator x2  
  122  10:34  Supply Depot  
  122  10:47  Missile Turret  
  121  10:54  Missile Turret  
  121  10:56  Marine x2  
  121  10:57  Marine x6, Marauder, Supply Depot  
  125  11:00  Factory Reactor  
  131  11:08  Missile Turret  
  131  11:12  Missile Turret x2  
  131  11:13  Missile Turret  
  131  11:14  Marine x2, Missile Turret x2  
  131  11:18  Marauder  
  135  11:21  Supply Depot  
  135  11:24  Liberator x2  
  135  11:33  Missile Turret  
  135  11:35  Missile Turret  
  135  11:38  Planetary Fortress  
  135  11:39  Marauder  
  137  11:40  Missile Turret  
  137  11:44  Supply Depot  
  143  12:00  Siege Tank  
  143  12:01  Missile Turret  
  136  12:02  Hi-Sec Auto Tracking  
  136  12:03  Neosteel Armor  
  136  12:04  Hellbat x2  
  136  12:07  Liberator, Supply Depot  
  140  12:21  Missile Turret  
  140  12:25  Hellbat  
  140  12:26  Hellbat  
  147  12:33  Siege Tank  
  150  12:37  Supply Depot  
  150  12:39  Marine x4, Marauder  
  150  12:40  Marine x4  
  150  12:41  Missile Turret  
  160  12:46  Bunker  
  160  12:47  Hellbat x2  
  164  12:52  Bunker  
  164  12:55  Bunker  
  164  12:57  Marine x4  
  168  13:01  Supply Depot  
  168  13:02  Missile Turret  
  168  13:04  Thor  
  174  13:08  Hellbat  
  174  13:09  Hellbat  
  174  13:12  Marine x3  
  181  13:25  Supply Depot  
  181  13:30  Hellbat x2  
  181  13:32  Refinery  
  185  13:34  Refinery  
  185  13:42  Marine  
  185  13:43  Marine x4  
  185  13:47  Thor  
  185  14:08  Neosteel Frame  
  185  14:10  Terran Infantry Weapons Level 3  
  185  14:11  Marauder  
  187  14:21  Marine  
  187  14:22  Marine x4  
  192  14:31  Hellbat  
  194  14:32  Marauder  
  194  14:36  Marine x2  
  194  14:37  Terran Vehicle Weapons Level 2  
  198  14:43  Armory  
  198  14:54  Marauder  
  200  15:14  Drilling Claws  
  200  15:50  Command Center  
  162  16:33  Mag-Field Accelerator  
  138  16:52  Marine  
  138  16:53  Marine x5, Marauder  
  138  16:54  Marine  
  83  17:13  Marine x2  
  83  17:14  Marine x2, Marauder  
  70  17:30  Marine  
  70  17:31  Marine x4  
  70  17:35  Marauder  
  77  17:41  Orbital Command  
  77  17:46  Marine  
  77  17:48  Thor  
  77  17:50  Hellbat x2  
  88  17:57  Marauder  
  90  18:11  Hellbat x2  
  94  18:13  Starport Reactor  
  94  18:18  Marauder  
  96  18:29  SCV x2  
  96  18:32  Thor  
  96  18:33  Hellbat x2  
  108  18:40  Marauder  
  104  18:54  Hellbat x2, SCV  
  59  19:01  Marine x4, Marauder  
  59  19:02  Marine  
  64  19:06  SCV  
  66  19:18  SCV  
  54  19:31  SCV  
  53  19:38  SCV x2  
  49  19:43  SCV  
  48  19:50  SCV  
  48  19:54  Barracks, Orbital Command  
  48  19:56  Barracks  
  41  20:24  Supply Depot  
  41  20:33  Supply Depot x2  
  41  20:35  Supply Depot  
  40  20:48  Supply Depot x2  
  10  21:14  Barracks Reactor  
  3  21:21  Barracks Reactor  
Show
View Real Time Build Order
Export as new Build Order

zidar Zerg - Winner!

Build Orders: Hatch First, Muta Ling Bane 

Get SALT Encoding   

  12  0:01  Drone  
  13  0:12  Overlord  
  13  0:17  Drone  
  14  0:30  Drone x2  
  14  0:34  Drone  
  17  0:55  Hatchery  
  16  0:57  Drone  
  16  1:01  Extractor  
  16  1:03  Drone  
  17  1:20  Spawning Pool  
  17  1:21  Drone  
  17  1:38  Drone  
  18  1:41  Overlord  
  18  1:49  Drone  
  19  1:59  Drone  
  20  2:07  Queen  
  21  2:10  Queen  
  21  2:12  Drone  
  24  2:19  Metabolic Boost  
  24  2:24  Zergling x2  
  24  2:29  Zergling x2  
  26  2:37  Drone x2  
  28  3:08  Lair, Extractor  
  27  3:15  Hatchery  
  26  3:23  Pneumatized Carapace  
  26  3:28  Drone x5  
  26  3:33  Overlord  
  31  3:52  Drone x4  
  31  3:53  Drone x2  
  36  4:29  Queen  
  38  4:38  Baneling Nest  
  37  4:43  Spire  
  36  4:47  Evolution Chamber  
  36  4:52  Extractor, Evolution Chamber  
  33  4:55  Extractor, Drone x4  
  33  4:56  Drone x10  
  46  5:01  Drone x2  
  48  5:17  Zerg Melee Weapons Level 1  
  48  5:18  Zerg Ground Armor Level 1  
  48  5:36  Centrifical Hooks  
  48  5:41  Zergling x2  
  49  5:43  Overlord  
  49  5:44  Overlord x2  
  49  5:55  Extractor  
  48  5:57  Extractor  
  47  6:21  Zerg Flyer Weapons Level 1  
  47  6:23  Zergling x2  
  47  6:24  Zergling x24  
  47  6:25  Zergling x18  
  68  6:29  Baneling  
  68  6:30  Baneling x2  
  69  6:37  Drone x3  
  69  6:39  Drone  
  73  6:42  Overlord  
  73  6:46  Baneling x4  
  73  6:48  Baneling  
  73  6:49  Baneling  
  73  6:50  Baneling x2  
  73  7:05  Queen  
  73  7:07  Drone x3  
  78  7:10  Drone x3  
  73  7:44  Overlord x4  
  73  7:49  Mutalisk  
  73  7:50  Mutalisk x3  
  81  7:53  Overlord x4  
  81  8:01  Zerg Melee Weapons Level 2  
  81  8:24  Drone x3  
  81  8:26  Drone x3  
  87  8:28  Drone x6  
  88  9:36  Drone x3  
  88  9:37  Drone  
  92  9:40  Zergling x2  
  92  9:41  Zergling x24  
  105  9:46  Baneling x6  
  105  9:53  Zerg Ground Armor Level 2  
  105  9:57  Zerg Flyer Weapons Level 2  
  105  9:59  Infestation Pit  
  104  10:01  Corruptor  
  104  10:02  Corruptor x4  
  104  10:05  Corruptor x2  
  118  10:09  Zergling x18  
  119  10:39  Queen  
  121  10:45  Drone x4  
  121  10:47  Hatchery  
  121  10:49  Hive  
  124  11:22  Zergling x26  
  137  11:26  Baneling x10  
  137  11:38  Queen  
  139  12:11  Queen  
  141  12:37  Adrenal Glands  
  141  12:40  Zerg Melee Weapons Level 3, Zerg Ground Armor Level 3  
  141  12:42  Ultralisk Cavern  
  140  12:46  Zergling x10  
  140  12:47  Zergling x14  
  140  12:49  Overlord  
  140  12:50  Overlord x7  
  152  13:22  Drone x2  
  152  13:23  Drone  
  155  13:27  Hatchery  
  141  14:17  Chitinous Plating  
  141  14:32  Ultralisk x4  
  141  14:33  Ultralisk x4  
  141  14:35  Zergling x20  
  199  14:41  Baneling x5  
  199  14:42  Baneling x2  
  199  14:43  Baneling x5  
  190  15:26  Extractor x2  
  85  16:56  Zergling x20  
  85  16:57  Zergling x24, Corruptor x2  
  85  16:58  Corruptor x5  
  85  16:59  Corruptor  
  99  17:32  Ultralisk x4  
  99  17:33  Ultralisk x3  
  99  17:34  Ultralisk, Corruptor  
  99  17:35  Corruptor x2  
  99  17:36  Corruptor x2  
  157  17:39  Baneling x3  
  157  17:40  Baneling x7  
  157  17:52  Zergling x12  
  163  18:26  Zergling x12  
  163  18:27  Zergling x14  
  153  19:26  Zergling x2  
  153  19:27  Mutalisk x8, Zergling x18  
  179  19:32  Zergling x2  
  178  20:23  Zergling x20  
  178  20:26  Ultralisk x2  
  155  21:40  Zergling x24  
  155  21:41  Zergling x12  
Tags
 
Add a new tag
Caveats
  • Supply blocks, unpowered buildings, or Contaminate may cause inaccurate times.
  • Supply counts are checked every 10 seconds.